| TOP OF THE 1ST |
|
New York Mets batting - Pitching for Montreal Expos : LHP Chris Nabholz
|
|
Pitching: LHP Chris Nabholz
|
|
|
Batting: LHB Cliff Floyd
|
0-0: Ball 1-0: Ball 2-0: Called Strike 2-1: Foul Ball, location: 2F 2-2: Ball 3-2: Fly out, F8 (Flyball, 8LD, EV 105.0 MPH)
|
|
Batting: RHB Magglio Ordonez
|
0-0: Ball 1-0: Called Strike 1-1: Ball 2-1: Foul Ball, location: 2F 2-2: Strikes out swinging
|
|
Batting: RHB Gary Sheffield
|
0-0: Fly out, F9 (Flyball, 9, EV 86.3 MPH)
|
| Top of the 1st over - 0 runs, 0 hits, 0 errors, 0 left on base; New York 0 - Montreal 0 |
| BOTTOM OF THE 1ST |
|
Montreal Expos batting - Pitching for New York Mets : LHP Zane Smith
|
|
Pitching: LHP Zane Smith
|
|
|
Batting: RHB John Jaha
|
0-0: Ball 1-0: Ball 2-0: Called Strike 2-1: SINGLE (Groundball, 5D, EV 103.8 MPH)
|
|
Batting: SHB Gregg Jefferies
|
Pickoff Throw to First - Out! 1-3 0-0: SINGLE (Line Drive, 56D, EV 99.4 MPH)
|
|
Batting: RHB Matt Williams
|
0-0: Called Strike Gregg Jefferies steals 2nd, throwing error, E2 Gregg Jefferies to third 0-1: Fly out, F9 (Flyball, 9LM, EV 92.5 MPH) Runner from 3rd tags up, SCORES, no throw by RF
|
|
Batting: RHB Raul Mondesi
|
0-0: Ball 1-0: Ball 2-0: Fly out, F7 (Flyball, 7D, EV 108.8 MPH)
|
| Bottom of the 1st over - 1 run, 2 hits, 1 error, 0 left on base; New York 0 - Montreal 1 |
| TOP OF THE 2ND |
|
New York Mets batting - Pitching for Montreal Expos : LHP Chris Nabholz
|
|
Batting: RHB Sammy Sosa
|
0-0: Ball 1-0: Foul Ball, location: 2F 1-1: Ball 2-1: Called Strike 2-2: Ball 3-2: Base on Balls
|
|
Batting: RHB Phil Nevin
|
0-0: Ball 1-0: Ball 2-0: Ball 3-0: Base on Balls Sammy Sosa to second
|
|
Batting: RHB Greg Colbrunn
|
0-0: Ball 1-0: Ball 2-0: Ball 3-0: DOUBLE (Flyball, 8RXD, EV 99.4 MPH) Sammy Sosa scores Phil Nevin to third
|
|
Batting: RHB Bret Boone
|
0-0: SINGLE (Line Drive, 8RS, EV 88.1 MPH) Phil Nevin scores Greg Colbrunn to third Runner from 3rd tries for Home, SAFE, no throw by CF
|
|
Batting: RHB Cecil Fielder
|
0-0: Ball 1-0: Ball 2-0: Reached on error, E6 (Groundball, 6, EV 102.5 MPH) Bret Boone to second
|
|
Batting: LHB B.J. Surhoff
|
0-0: Ball 1-0: SINGLE (Groundball, 34D, EV 94.4 MPH) Bret Boone to third Cecil Fielder to second Runner from 3rd tries for Home, SAFE, throw by RF to home
|
|
Batting: LHB Cliff Floyd
|
0-0: Ball 1-0: Foul Ball, location: 2F 1-1: Foul Ball, location: 2F 1-2: Foul Ball, location: 2F 1-2: Ball 2-2: Foul Ball, location: 2F 2-2: Ball Wild Pitch! Cecil Fielder to third B.J. Surhoff to second 3-2: Foul Ball, location: 2F 3-2: Foul Ball, location: 2F 3-2: Fly out, F9 (Flyball, 9S, EV 93.8 MPH)
|
|
Batting: RHB Magglio Ordonez
|
0-0: Ball 1-0: Ball 2-0: Reached on error, E6 (Groundball, 6, EV 81.3 MPH) Cecil Fielder scores B.J. Surhoff to third
|
|
Batting: RHB Gary Sheffield
|
0-0: Ball 1-0: Foul Ball, location: 2F 1-1: Ball 2-1: SINGLE (Groundball, 56S, EV 88.8 MPH) (infield hit) B.J. Surhoff scores Magglio Ordonez to second
|
|
Batting: RHB Sammy Sosa
|
0-0: Swinging Strike 0-1: Ball 1-1: Ball 2-1: Fielders Choice at 2nd, 4-6 (Groundball, 34, EV 95.0 MPH) Magglio Ordonez to third
|
|
Batting: RHB Phil Nevin
|
0-0: Called Strike 0-1: Ball 1-1: Ball 2-1: Fly out, F8 (Flyball, 8RD, EV 101.9 MPH)
|
| Top of the 2nd over - 6 runs, 4 hits, 2 errors, 2 left on base; New York 6 - Montreal 1 |
| BOTTOM OF THE 2ND |
|
Montreal Expos batting - Pitching for New York Mets : LHP Zane Smith
|
|
Batting: RHB Jeff Kent
|
0-0: Ball 1-0: Ball 2-0: Swinging Strike 2-1: Foul Ball, location: 2F 2-2: Ball 3-2: Foul Ball, location: 2F 3-2: SINGLE (Line Drive, 8LS, EV 106.9 MPH)
|
|
Batting: RHB Mike Sweeney
|
0-0: Called Strike 0-1: Ball 1-1: Foul Ball, location: 2F 1-2: Ball 2-2: 2-RUN HOME RUN (Flyball, 7D, EV 103.8 MPH), Distance : 366 ft
|
|
Batting: RHB Leo Gomez
|
0-0: Ball 1-0: Swinging Strike 1-1: Foul Ball, location: 2F 1-2: Ball 2-2: Fly out, F8 (Flyball, 89D, EV 104.4 MPH)
|
|
Batting: RHB Jose Hernandez
|
0-0: Called Strike 0-1: Ball 1-1: Swinging Strike 1-2: Ball 2-2: Foul Ball, location: 2F 2-2: Ground out 3-1 (Groundball, 3, EV 87.5 MPH)
|
|
Batting: RHB Brian R. Hunter
|
0-0: Ball 1-0: SINGLE (Line Drive, 89M, EV 103.1 MPH)
|
|
Batting: RHB John Jaha
|
0-0: Called Strike 0-1: Fielders Choice at 2nd, 6-4 (Groundball, 6, EV 103.1 MPH)
|
| Bottom of the 2nd over - 2 runs, 3 hits, 0 errors, 1 left on base; New York 6 - Montreal 3 |
| TOP OF THE 3RD |
|
New York Mets batting - Pitching for Montreal Expos : LHP Chris Nabholz
|
|
Batting: RHB Greg Colbrunn
|
0-0: Ball 1-0: Ball 2-0: Called Strike 2-1: Ground out 4-3 (Groundball, 4, EV 85.6 MPH)
|
|
Batting: RHB Bret Boone
|
0-0: Called Strike 0-1: Ground out 5-3 (Groundball, 56, EV 83.1 MPH)
|
|
Batting: RHB Cecil Fielder
|
0-0: Called Strike 0-1: Ball 1-1: Ball 2-1: Swinging Strike 2-2: Strikes out looking
|
| Top of the 3rd over - 0 runs, 0 hits, 0 errors, 0 left on base; New York 6 - Montreal 3 |
| BOTTOM OF THE 3RD |
|
Montreal Expos batting - Pitching for New York Mets : LHP Zane Smith
|
|
Batting: SHB Gregg Jefferies
|
0-0: Ball 1-0: Ball 2-0: SINGLE (Groundball, 6MD, EV 93.8 MPH)
|
|
Batting: RHB Matt Williams
|
0-0: Bunt missed! 0-1: Ball 1-1: Bunted foul 1-2: Foul Ball, location: 2F 1-2: Ball 2-2: Ball 3-2: Foul Ball, location: 2F 3-2: Foul Ball, location: 2F 3-2: Strikes out swinging
|
|
Batting: RHB Raul Mondesi
|
0-0: Ball 1-0: Grounds into double play, 6-4-3 (Groundball, 6, EV 98.1 MPH)
|
| Bottom of the 3rd over - 0 runs, 1 hit, 0 errors, 0 left on base; New York 6 - Montreal 3 |
| TOP OF THE 4TH |
|
New York Mets batting - Pitching for Montreal Expos : LHP Chris Nabholz
|
|
Batting: LHB B.J. Surhoff
|
0-0: Ground out 4-3 (Groundball, 4S, EV 63.8 MPH)
|
|
Batting: LHB Cliff Floyd
|
0-0: Foul Ball, location: 2F 0-1: Ball 1-1: Called Strike 1-2: Ball 2-2: Strikes out swinging
|
|
Batting: RHB Magglio Ordonez
|
0-0: Foul Ball, location: 2F 0-1: Ball 1-1: Called Strike 1-2: Ball 2-2: Foul Ball, location: 2F 2-2: Fly out, F4 (Line Drive, 4, EV 65.6 MPH)
|
| Top of the 4th over - 0 runs, 0 hits, 0 errors, 0 left on base; New York 6 - Montreal 3 |
| BOTTOM OF THE 4TH |
|
Montreal Expos batting - Pitching for New York Mets : LHP Zane Smith
|
|
Batting: RHB Jeff Kent
|
0-0: Ball 1-0: Swinging Strike 1-1: Ball 2-1: Swinging Strike 2-2: Strikes out swinging
|
|
Batting: RHB Mike Sweeney
|
0-0: Foul Ball, location: 2F 0-1: Ball 1-1: Ground out 5-3 (Groundball, 56, EV 99.4 MPH)
|
|
Batting: RHB Leo Gomez
|
0-0: Foul Ball, location: 2F 0-1: Ball 1-1: DOUBLE (Line Drive, 9LM, EV 100.0 MPH)
|
|
Batting: RHB Jose Hernandez
|
0-0: Foul Ball, location: 2F 0-1: Ball 1-1: Swinging Strike 1-2: Foul Ball, location: 2F 1-2: Ball 2-2: Strikes out swinging
|
| Bottom of the 4th over - 0 runs, 1 hit, 0 errors, 1 left on base; New York 6 - Montreal 3 |
| TOP OF THE 5TH |
|
New York Mets batting - Pitching for Montreal Expos : LHP Chris Nabholz
|
|
Batting: RHB Gary Sheffield
|
0-0: Called Strike 0-1: Ball 1-1: Swinging Strike 1-2: Strikes out swinging
|
|
Batting: RHB Sammy Sosa
|
0-0: Foul Ball, location: 2F 0-1: Ball 1-1: Foul Ball, location: 2F 1-2: SINGLE (Groundball, 4MD, EV 105.0 MPH)
|
|
Batting: RHB Phil Nevin
|
0-0: Called Strike 0-1: Swinging Strike 0-2: Ball 1-2: SINGLE (Line Drive, 8RS, EV 110.0 MPH) Sammy Sosa to second Runner from 2nd tries for 3rd, SAFE, throw by CF made to third
|
|
Batting: RHB Greg Colbrunn
|
0-0: Ball 1-0: Ball 2-0: SINGLE (Groundball, 4MD, EV 101.9 MPH) Sammy Sosa scores Phil Nevin to second Runner from 2nd tries for 3rd, SAFE, throw by CF made to third
|
|
Batting: RHB Bret Boone
|
0-0: Ball 1-0: Foul Ball, location: 2F 1-1: Called Strike 1-2: Ball Greg Colbrunn steals 2nd base 2-2: Foul Ball, location: 2F 2-2: Ground out 6-3 (Groundball, 6, EV 105.6 MPH) Phil Nevin scores
|
|
Pitching: LHP Kent Mercker
|
|
|
Batting: RHB Cecil Fielder
|
0-0: Called Strike 0-1: Ball 1-1: Reached on error, E8 (Flyball, 8LS, EV 81.3 MPH) Greg Colbrunn scores
|
|
Batting: LHB B.J. Surhoff
|
0-0: Called Strike 0-1: Swinging Strike 0-2: Ground out 6-3 (Groundball, 6M, EV 85.6 MPH)
|
| Top of the 5th over - 3 runs, 3 hits, 1 error, 1 left on base; New York 9 - Montreal 3 |
| BOTTOM OF THE 5TH |
|
Montreal Expos batting - Pitching for New York Mets : LHP Zane Smith
|
|
Batting: RHB Brian R. Hunter
|
0-0: DOUBLE (Groundball, 3L, EV 101.9 MPH)
|
|
Batting: RHB John Jaha
|
0-0: Called Strike 0-1: Ball 1-1: Ball 2-1: SINGLE (Popup, 4D, EV 52.5 MPH) Brian R. Hunter to third
|
|
Batting: SHB Gregg Jefferies
|
0-0: Ball 1-0: Foul Ball, location: 2F 1-1: Called Strike 1-2: Fly out, F8 (Line Drive, 8LD, EV 90.0 MPH) Runner from 3rd tags up, SCORES, throw by CF
|
|
Batting: RHB Matt Williams
|
0-0: Ball 1-0: Ball 2-0: Fly out, F9 (Flyball, 9LDF, EV 92.5 MPH)
|
|
Batting: RHB Raul Mondesi
|
0-0: Called Strike 0-1: Foul Ball, location: 2F 0-2: Foul Ball, location: 2F 0-2: Foul Ball, location: 2F 0-2: Ball John Jaha is caught stealing 2nd base 2-4
|
| Bottom of the 5th over - 1 run, 2 hits, 0 errors, 0 left on base; New York 9 - Montreal 4 |
| TOP OF THE 6TH |
|
New York Mets batting - Pitching for Montreal Expos : LHP Kent Mercker
|
|
Batting: LHB Cliff Floyd
|
0-0: Ball 1-0: Called Strike 1-1: Swinging Strike 1-2: Strikes out swinging
|
|
Batting: RHB Magglio Ordonez
|
0-0: Foul Ball, location: 2F 0-1: Fly out, F8 (Flyball, 89S, EV 83.1 MPH)
|
|
Batting: RHB Gary Sheffield
|
0-0: Called Strike 0-1: Ball 1-1: Swinging Strike 1-2: Hit by Pitch
|
|
Batting: RHB Sammy Sosa
|
0-0: Called Strike 0-1: Ball 1-1: Called Strike 1-2: Ball Gary Sheffield steals 2nd, throwing error, E2 Gary Sheffield to third 2-2: Strikes out looking
|
| Top of the 6th over - 0 runs, 0 hits, 1 error, 1 left on base; New York 9 - Montreal 4 |
| BOTTOM OF THE 6TH |
|
Montreal Expos batting - Pitching for New York Mets : LHP Zane Smith
|
|
Batting: RHB Raul Mondesi
|
0-0: Ground out 5-3 (Groundball, 56S, EV 81.3 MPH)
|
|
Batting: RHB Jeff Kent
|
0-0: Ball 1-0: Swinging Strike 1-1: Ball 2-1: DOUBLE (Line Drive, 7LS, EV 101.9 MPH)
|
|
Pinch Runner at 2nd Jeff King:
|
|
|
Batting: RHB Mike Sweeney
|
0-0: Ball 1-0: Called Strike 1-1: SINGLE (Line Drive, 89M, EV 93.1 MPH) Jeff King to third
|
|
Batting: RHB Leo Gomez
|
0-0: Ball 1-0: Ball 2-0: Ball 3-0: Base on Balls Mike Sweeney to second
|
|
Batting: RHB Jose Hernandez
|
0-0: Called Strike 0-1: Ball 1-1: SINGLE (Groundball, 34D, EV 101.9 MPH) Jeff King scores Mike Sweeney to third Leo Gomez to second Runner from 3rd tries for Home, SAFE, throw by RF to home
|
|
Pitching: LHP Mike Sirotka
|
|
|
Batting: RHB Brian R. Hunter
|
0-0: Ball 1-0: Called Strike 1-1: Fly out, F8 (Line Drive, 8RM, EV 90.0 MPH)
|
|
Batting: RHB John Jaha
|
0-0: Ball 1-0: Foul Ball, location: 2F 1-1: Foul Ball, location: 2F 1-2: Ball 2-2: Ball 3-2: Foul Ball, location: 2F 3-2: SINGLE (Groundball, 6MD, EV 99.4 MPH) Leo Gomez to third Jose Hernandez to second Leo Gomez scores Jose Hernandez to third
|
|
Batting: SHB Gregg Jefferies
|
0-0: Ball 1-0: Ground out 1-3 (Groundball, 34S, EV 85.6 MPH)
|
| Bottom of the 6th over - 3 runs, 4 hits, 0 errors, 2 left on base; New York 9 - Montreal 7 |
| TOP OF THE 7TH |
|
New York Mets batting - Pitching for Montreal Expos : LHP Kent Mercker
|
|
Now at 3B: Jeff King
|
|
|
Batting: RHB Phil Nevin
|
0-0: Swinging Strike 0-1: Foul Ball, location: 2F 0-2: Ground out 5-3 (Groundball, 56, EV 93.8 MPH)
|
|
Batting: RHB Greg Colbrunn
|
0-0: Called Strike 0-1: Ball 1-1: Fly out, F7 (Flyball, 7, EV 90.6 MPH)
|
|
Batting: RHB Bret Boone
|
0-0: Ground out 5-3 (Groundball, 56S, EV 71.3 MPH)
|
| Top of the 7th over - 0 runs, 0 hits, 0 errors, 0 left on base; New York 9 - Montreal 7 |
| BOTTOM OF THE 7TH |
|
Montreal Expos batting - Pitching for New York Mets : LHP Mike Sirotka
|
|
Batting: RHB Matt Williams
|
0-0: Ball 1-0: Ball 2-0: Ball 3-0: Base on Balls
|
|
Batting: RHB Raul Mondesi
|
0-0: Ball Matt Williams is caught stealing 2nd base 2-4 1-0: Foul Ball, location: 2F 1-1: Foul Ball, location: 2F 1-2: Fly out, F7 (Flyball, 7LSF, EV 78.8 MPH)
|
|
Batting: RHB Jeff King
|
0-0: Called Strike 0-1: DOUBLE (Groundball, 5L, EV 105.6 MPH)
|
|
Batting: RHB Mike Sweeney
|
0-0: Ball 1-0: Foul Ball, location: 2F 1-1: Foul Ball, location: 2F 1-2: Ball 2-2: Strikes out looking
|
| Bottom of the 7th over - 0 runs, 1 hit, 0 errors, 1 left on base; New York 9 - Montreal 7 |
| TOP OF THE 8TH |
|
New York Mets batting - Pitching for Montreal Expos : LHP Kent Mercker
|
|
Pitching: RHP Ed Correa
|
|
|
Batting: RHB Cecil Fielder
|
0-0: Ball 1-0: Swinging Strike 1-1: Ball 2-1: Foul Ball, location: 2F 2-2: Foul Ball, location: 2F 2-2: Ground out 5-3 (Groundball, 56S, EV 85.6 MPH)
|
|
Batting: LHB B.J. Surhoff
|
0-0: Called Strike 0-1: Foul Ball, location: 2F 0-2: Strikes out swinging
|
|
Batting: LHB Cliff Floyd
|
0-0: Swinging Strike 0-1: Called Strike 0-2: Ball 1-2: DOUBLE (Groundball, 3L, EV 101.3 MPH)
|
|
Batting: RHB Magglio Ordonez
|
0-0: Called Strike 0-1: Ball 1-1: Ball 2-1: Swinging Strike 2-2: Strikes out looking
|
| Top of the 8th over - 0 runs, 1 hit, 0 errors, 1 left on base; New York 9 - Montreal 7 |
| BOTTOM OF THE 8TH |
|
Montreal Expos batting - Pitching for New York Mets : LHP Mike Sirotka
|
|
Batting: RHB Leo Gomez
|
0-0: Called Strike 0-1: Ball 1-1: Foul Ball, location: 2F 1-2: Ball 2-2: Foul Ball, location: 2F 2-2: Ball 3-2: Base on Balls
|
|
Pitching: RHP Todd Jones
|
|
|
Batting: RHB Jose Hernandez
|
0-0: Called Strike 0-1: Ball 1-1: Fielders Choice at 2nd, 4-6 (Groundball, 4, EV 90.0 MPH)
|
|
Pinch Runner at 1st Curtis Goodwin:
|
|
|
Batting: RHB Brian R. Hunter
|
0-0: Ball 1-0: Grounds into double play, 6-4-3 (Groundball, 6, EV 99.4 MPH)
|
| Bottom of the 8th over - 0 runs, 0 hits, 0 errors, 0 left on base; New York 9 - Montreal 7 |
| TOP OF THE 9TH |
|
New York Mets batting - Pitching for Montreal Expos : RHP Ed Correa
|
|
Now at 2B: Carlos Baerga
|
|
|
Batting: RHB Gary Sheffield
|
0-0: Ball 1-0: Ball 2-0: Foul Ball, location: 2F 2-1: Foul Ball, location: 2F 2-2: Strikes out looking
|
|
Batting: RHB Sammy Sosa
|
0-0: Called Strike 0-1: Called Strike 0-2: Ball 1-2: Ball 2-2: Strikes out swinging
|
|
Batting: RHB Phil Nevin
|
0-0: Fly out, F9 (Flyball, 9LS, EV 81.9 MPH)
|
| Top of the 9th over - 0 runs, 0 hits, 0 errors, 0 left on base; New York 9 - Montreal 7 |
| BOTTOM OF THE 9TH |
|
Montreal Expos batting - Pitching for New York Mets : RHP Todd Jones
|
|
Pitching: RHP Takehiro Ishii
|
|
|
Batting: RHB John Jaha
|
0-0: Foul Ball, location: 2F 0-1: Ground out 4-3 (Groundball, 4M, EV 83.8 MPH)
|
|
Batting: SHB Gregg Jefferies
|
0-0: SINGLE (Groundball, 6M, EV 97.5 MPH)
|
|
Batting: RHB Matt Williams
|
0-0: Called Strike 0-1: Foul Ball, location: 2F 0-2: Ball 1-2: Ball 2-2: Foul Ball, location: 2F 2-2: Strikes out looking
|
|
Batting: RHB Raul Mondesi
|
0-0: Called Strike 0-1: Foul Ball, location: 2F 0-2: Ball 1-2: Foul Ball, location: 2F 1-2: Fly out, F8 (Flyball, 8LS, EV 80.0 MPH)
|
| Bottom of the 9th over - 0 runs, 1 hit, 0 errors, 1 left on base; New York 9 - Montreal 7 |
|